 Dungeon Crawl Stone Soup version 0.30-a0-722-g3e6e8c874d (webtiles) character file.

Game seed: 10730789313300318164

116 Darius099 the Cudgeller (level 5, -2/32 HPs)
             Began as a Gargoyle Fighter on Jan 28, 2023.
             Slain by an ogre
             ... wielding a +0 giant club
              (14 damage)
             ... on level 3 of the Dungeon.
             The game lasted 00:02:07 (1237 turns).

Darius099 the Cudgeller (Gargoyle Fighter)          Turns: 1237, Time: 00:02:08

Health: -2/32      AC: 15    Str: 22    XL:     5   Next: 0%
Magic:  5/5        EV:  9    Int:  8    God:
Gold:   118        SH:  4    Dex:  9    Spells: 4/4 levels left

rFire   . . .      SeeInvis .    i - +1 demon whip (elec)
rCold   . . .      Faith    .    c - +0 buckler
rNeg    + + .      Spirit   .    a - +0 pearl dragon scales
rPois   ∞          Reflect  .    (no helmet)
rElec   +          Harm     .    (no cloak)
rCorr   .          Rampage  .    (no gloves)
Will    .....                    (no boots) Stlth
                                 (no amulet)
HPRegen 0.25/turn                (no ring)
MPRegen 0.09/turn                (no ring)

@: brilliant
A: sickness immunity, AC +4, negative energy resistance 1, electricity
resistance, torment resistance 1, petrification resistance
a: no special abilities


You were on level 3 of the Dungeon.
You visited 1 branch of the dungeon, and saw 3 of its levels.

You collected 118 gold pieces.

Inventory:

Hand Weapons
 i - a +1 demon whip of electrocution (weapon)
Armour
 a - +0 pearl dragon scales (worn)
 c - a +0 buckler (worn)
Scrolls
 b - a scroll of noise {unknown}
 e - 3 scrolls of identify {unknown}
Potions
 d - 2 potions of might
 f - 2 potions of brilliance
 g - a potion of curing {unknown}
 h - a potion of flight {unknown}
 j - a potion of degeneration {unknown}


   Skills:
 - Level 3.4 Fighting
 + Level 4.7 Maces & Flails
 - Level 3.4 Armour
 - Level 3.4 Shields


You had 4 spell levels left.
You didn't know any spells.
Your spell library contained the following spells:

 Spells                   Type           Power      Damage    Failure   Level
 Beastly Appendage        Tmut           0%         N/A       87%         1
 Slow                     Hex            0%         N/A       87%         1
 Wereblood                Tmut           0%         N/A       95%         2
 Confusing Touch          Hex            0%         N/A       99%         3
 Spider Form              Tmut/Pois      0%         N/A       99%         3
 Vampiric Draining        Necr           0%         2d6       99%         3


Dungeon Overview and Level Annotations

Branches:
Dungeon (3/15)

Altars:


Innate Abilities, Weirdness & Mutations

You are immune to sickness and miasma.
Your stone body is resilient. (AC +4)
You are immune to poison.
You resist negative energy. (rN+)
You are resistant to electric shocks. (rElec)
You are resistant to unholy torment.
You are immune to petrification.


Message History

You are too injured to fight recklessly!
You are too injured to fight recklessly!
You are too injured to fight recklessly!
You are too injured to fight recklessly!
You are too injured to fight recklessly!
You are too injured to fight recklessly!
You are too injured to fight recklessly!
An ogre is nearby!
Unknown command.
An ogre is nearby!
Unknown command.
An ogre is nearby!
Unknown command.
An ogre is nearby!
Unknown command.
An ogre is nearby!
Unknown command.
Unknown command.
Unknown command.
Unknown command.
Unknown command.
Unknown command.
An ogre is nearby!
Unknown command.
An ogre is nearby!
Unknown command.
An ogre is nearby!
Unknown command.
An ogre is nearby!
Unknown command.
An ogre is nearby!
Unknown command.
Unknown command.
Unknown command.
Unknown command.
Unknown command.
It was a potion of brilliance.
You feel clever all of a sudden. The ogre attacks as you move away!
The ogre hits you with a +0 giant club!
You die...

#.##.##.# # #
#.##.## #.##..#
#.###.# #.##.#
#.# .....###.#
#.>......#
#######..#####.#
#...@O...#
##.#####.# #.#
#.# #.# #.# #.#
#.


You could see an ogre.

Vanquished Creatures
  6 adders (D:2)
  3 dart slugs
  4 orcs (D:3)
  5 bats (D:1)
  4 endoplasms
  2 giant cockroaches
  3 goblins
  5 hobgoblins
  8 jackals (D:2)
  5 kobolds
  2 frilled lizards
  2 rats
49 creatures vanquished.

Notes
Turn   | Place    | Note
-------+----------+-------------------------------------------
     0 | D:1      | Darius099 the Gargoyle Fighter began the quest for the Orb.
     0 | D:1      | Reached XP level 1. HP: 14/14 MP: 1/1
    82 | D:1      | Reached XP level 2. HP: 14/19 MP: 2/2
   482 | D:1      | You fall into a shaft and drop 1 floor!
   507 | D:2      | Reached skill level 3 in Maces & Flails
   507 | D:2      | Reached XP level 3. HP: 19/23 MP: 3/3
   625 | D:2      | Found a faded altar of an unknown god.
   675 | D:2      | Reached XP level 4. HP: 28/28 MP: 4/4
   683 | D:2      | Reached skill level 4 in Maces & Flails
   775 | D:2      | Identified the +3 sling of Gozag's Displeasure {speed,
                  | Drain Fly rElec}
  1185 | D:3      | Reached XP level 5. HP: 28/32 MP: 5/5
  1227 | D:3      | Noticed an ogre
  1237 | D:3      | Slain by an ogre

Illustrated notes

Levels and vault maps discovered:
D:1:      lemuel_arrival_funnel, layout_basic, minmay_misc_feat_hallway
D:2:      layout_loops_ring, hellmonk_ecumenical_altar_dog_temple, st_stairs_7,
          minivault_4, hangedman_abyss_or_decor_stabs
D:3:      layout_loops_ring

Skill      XL: |  1  2  3  4 |
---------------+-------------+-----
Maces & Flails | 3 4 |  4.7
Fighting       | |  3.4
Armour         | |  3.4
Shields        | |  3.4

Action                     |  1- 3 |  4- 6 || total
---------------------------+-------+-------++-------
  Melee: Flail             |   101 |       ||   101
         Demon whip        |     7 |    41 ||    48
    Use: Potion            |       |     1 ||     1
 Armour: Scale mail        |    90 |     1 ||    91
         Pearl dragon scal |       |     6 ||     6
  Dodge: Dodged            |    51 |    17 ||    68
  Block: Buckler           |    17 |     5 ||    22

Table legend: (Time is in decaauts)
 A = Elapsed time spent in this place.
 B = Non-inter-level travel time spent in this place.
 C = Inter-level travel time spent in this place.
 D = Time resting spent in this place.
 E = Time spent auto-exploring this place.
 F = Levels seen in this place.
 G = Mean time per level.
                   A        B        C        D        E       F      G
               +--------+--------+--------+--------+--------+-----+--------+
         Total |   1264 |   1232 |     32 |     26 |    807 |   3 |  421.3 |
       Dungeon |   1264 |   1232 |     32 |     26 |    807 |   3 |  421.3 |
               +--------+--------+--------+--------+--------+-----+--------+

Top non-repeatable levels by time:
     D:2: 686 daAuts
     D:1: 501 daAuts
     D:3: 76 daAuts
